 Dungeon Crawl Stone Soup version 0.29.0-4-gdea44cf6ec (webtiles) character file.

Game seed: 13264371238293093982

4332 iguanaiguana the Tainter (level 10, -5/60 HPs)
             Began as a Gargoyle Venom Mage on Aug 27, 2022.
             Was a Follower of Vehumet.
             Slain by a fire elemental (8 damage)
             ... summoned by a deep elf pyromancer
             ... on level 8 of the Dungeon.
             The game lasted 00:33:53 (10507 turns).

iguanaiguana the Tainter (Gargoyle Venom Mage)     Turns: 10507, Time: 00:33:54

Health: -5/60      AC: 16    Str: 18    XL:     10   Next: 33%
Magic:  4/13       EV: 12    Int: 24    God:    Vehumet [*.....]
Gold:   146        SH:  0    Dex: 16    Spells: 4/13 levels left

rFire   . . .      SeeInvis .   y - +4 trident (vamp)
rCold   . . .      Faith    .   (no shield)
rNeg    + + .      Spirit   .   v - +2 ring mail of the Uplifting Gods {Rampage Int+4 Dex+4}
rPois   ∞          Reflect  .   (no helmet)
rElec   +          Harm     .   n - +1 cloak of Ignis's Favour {rN+ rCorr Dex+2}
rCorr   +          Rampage  +   (no gloves)
Will    .....                   (no boots)
Stlth   +.........              (no amulet)
HPRegen 0.20/turn               q - +6 ring of strength
MPRegen 0.13/turn               (no ring)

@: very slightly contaminated
A: sickness immunity, AC +7, negative energy resistance 1, electricity
resistance, torment resistance 1, petrification resistance
a: Renounce Religion


You were on level 8 of the Dungeon.
You worshipped Vehumet.
Vehumet was aware of your devotion.
You visited 2 branches of the dungeon, and saw 9 of its levels.
You also visited: Ossuary.

You collected 335 gold pieces.
You spent 189 gold pieces at shops.

Inventory:

Hand Weapons
 b - a +5 dagger of freezing
 y - a +4 vampiric trident (weapon)
Missiles
 p - 25 poisoned darts
 C - 2 boomerangs
Armour
 j - a +1 robe
 n - the +1 cloak of Ignis's Favour (worn) {rN+ rCorr Dex+2}
   (You found it on level 7 of the Dungeon)

   Dex:       It affects your dexterity (+2).
   rN:        It protects you from negative energy.
   rCorr:     It protects you from acid and corrosion.
 v - the +2 ring mail of the Uplifting Gods (worn) {Rampage Int+4 Dex+4}
   (You found it on level 3 of the Dungeon)

   Int:       It affects your intelligence (+4).
   Dex:       It affects your dexterity (+4).
   Rampage:   It bestows one free step when moving towards enemies.
Jewellery
 q - a +6 ring of strength (left hand)
Wands
 d - a wand of iceblast (11) {@v2}
 r - a wand of digging (6) {@v3}
 B - a wand of flame (20)
Scrolls
 c - 3 scrolls of vulnerability
 l - 3 scrolls of fog
 o - a scroll of fear
 u - 3 scrolls of teleportation {@r3}
 w - a scroll of poison
 D - a scroll of magic mapping {@r5}
Potions
 a - a potion of degeneration {unknown}
 f - 2 potions of haste {@q4}
 g - 2 potions of mutation
 h - 2 potions of attraction
 i - a potion of might {@q3}
 k - 2 potions of heal wounds {@q2}
 m - 3 potions of ambrosia
 s - 5 potions of curing {@q1}
 t - a potion of magic
 x - a potion of flight {unknown}
 A - 2 potions of lignification


   Skills:
 - Level 6.0 Fighting
 - Level 2.0 Maces & Flails
 - Level 4.0 Dodging
 - Level 2.1 Stealth
 - Level 2.0 Spellcasting
 - Level 6.4 Conjurations
 - Level 0.7 Transmutations
 - Level 2.0 Air Magic
 - Level 6.0 Earth Magic
 + Level 9.0 Poison Magic
 - Level 3.7 Evocations


You had 4 spell levels left.
You knew the following spells:

 Your Spells              Type           Power      Damage    Failure   Level
b - Poisonous Vapours     Pois/Air       56%        N/A       3%          2
c - Mephitic Cloud        Conj/Pois/Air  30%        N/A       6%          3
d - Olgreb's Toxic Radia  Pois           45%        N/A       5%          4

Your spell library contained the following spells:

 Spells                   Type           Power      Damage    Failure   Level
 Magic Dart               Conj           100%       1d8       1%          1
 Sting                    Tmut/Pois      100%       1d8       3%          1
 Necrotise                Necr           8%         1d4       22%         1
 Petrify                  Tmut/Erth      18%        N/A       47%         4
 Gell's Gravitas          Tloc           2%         N/A       54%         3
 Teleport Other           Tloc           2%         N/A       54%         3
 Vampiric Draining        Necr           2%         2d6       54%         3
 Irradiate                Conj/Tmut      9%         3d14      80%         5
 Agony                    Necr           2%         N/A       99%         5
 Dispersal                Tloc           1%         N/A       100%        6
 Sublimation of Blood     Necr           Unusable   N/A       N/A         2

Dungeon Overview and Level Annotations

Branches:
Dungeon (8/15) Zot: 25511  Temple (1/1) D:6 Zot: 5967 Ossuary (visited)
   Lair: D:8-11

Altars:
Cheibriados
Dithmenos
Elyvilon
Fedhas
Gozag
Kikubaaqudgha
Okawaru
Qazlal
Ru
Sif Muna
Uskayaw
Vehumet
Xom
Yredelemnul

Shops:
D:4 *   D:6 [   D:7 [

Annotations:
D:3 exclusion: ogre, Grinder
D:4 exclusion: upstairs


Innate Abilities, Weirdness & Mutations

You are immune to sickness and miasma.
Your stone body is resilient. (AC +7)
You are immune to poison.
You resist negative energy. (rN+)
You are resistant to electric shocks. (rElec)
You are resistant to unholy torment.
You are immune to petrification.


Message History

Aim: a deep elf pyromancer, wielding a +0 rapier (chance to affect: 58%)
The ball explodes into a vile cloud!
The deep elf pyromancer is engulfed in noxious fumes.
The deep elf pyromancer appears confused.
Casting: Mephitic Cloud (dangerous; 6% risk of failure)
Confirm with . or Enter, or press ? or * to list all spells.
Aiming: Poisonous Vapours (safe; 3% risk of failure)
Press: ? - help, Dir - move target, f/p - deep elf pyromancer
Aim: a deep elf pyromancer, wielding a +0 rapier (flame, confused)
You miscast Poisonous Vapours.
You are very lightly contaminated with residual magic.
Nothing appears to happen.
The deep elf pyromancer is engulfed in blazing flames.
Casting: Poisonous Vapours (safe; 3% risk of failure)
Confirm with . or Enter, or press ? or * to list all spells.
Aiming: Poisonous Vapours (safe; 3% risk of failure)
Press: ? - help, Dir - move target, f/p - deep elf pyromancer
Aim: a deep elf pyromancer, wielding a +0 rapier (flame, heavily wounded, confused) Poisonous vapours surround the deep elf pyromancer!
The deep elf pyromancer is poisoned.
The fire elemental hits you. The fire elemental burns you!
* * * LOW HITPOINT WARNING * * *
The deep elf pyromancer is engulfed in blazing flames.
Casting: Poisonous Vapours (safe; 3% risk of failure)
Confirm with . or Enter, or press ? or * to list all spells.
Aiming: Poisonous Vapours (safe; 3% risk of failure)
Press: ? - help, Dir - move target, f/p - deep elf pyromancer
Aim: a deep elf pyromancer, wielding a +0 rapier (severely wounded, confused, very poisoned) Poisonous vapours surround the deep elf pyromancer!
The deep elf pyromancer looks as sick as possible!
The deep elf pyromancer hits the fire elemental with a +0 rapier!
The fire elemental hits you. The fire elemental burns you!
* * * LOW HITPOINT WARNING * * *
The deep elf pyromancer seems less confused.
The deep elf pyromancer points at you and mumbles some strange words.
The bolt of fire hits the fire elemental.
The fire elemental completely resists.
The bolt of fire hits you!!
* * * LOW HITPOINT WARNING * * *
The fire elemental hits you. The fire elemental burns you!
You die...

#......................#..#
#.###########..........#...
#.# ..'..#..............
#.# +.○.'..#...>.....#....
##.# +...E..#..#.....####..
#..#..#''°#○e#.##.#.### #.#
#..#..#...#○.#......# #..
##..#..#...#E.#....### ##.
#...#..#...#@.#...## #.
#.#.#..#...#..#.#.# ##
#.#.#..#...#..#.#.# #
####...#..8...8..#.#.#
#...................#.#
#.#######.............#
.........#############
##########


You could see a deep elf pyromancer (extremely poisoned) and 2 fire elementals.

Vanquished Creatures
  Pikel (D:5)
  3 yaks (D:7)
  A steam dragon (D:8)
  A water moccasin (D:7)
  An orc warrior (D:6)
  2 sky beasts (D:8)
  3 black bears
  An ice beast (D:6)
  An ogre (D:5)
  A centaur (D:6)
  A lemure (D:5)
  3 phantoms
  A kobold brigand (D:8)
  A bullfrog (D:8)
  2 necrophages (D:5)
  2 scorpions
  7 wights
  A gnoll bouda (D:4)
  3 hounds
  A jelly (D:6)
  3 human zombies (Ossuary)
  3 orc priests
  4 iguanas
  Natasha (thrice) (D:4)
  6 orc wizards
  2 mummies (Ossuary)
  4 gnolls
  9 adders
  3 white imps
  An ufetubus (D:6)
  2 adder zombies (Ossuary)
  2 worms
  A dart slug (D:1)
  21 orcs
  2 endoplasms
  4 giant cockroaches
  10 goblins
  12 hobgoblins
  3 jackals (D:1)
  3 quokkas
  7 ball pythons
  2 bats
  A frilled lizard (D:1)
  A goblin zombie (Ossuary)
  9 hobgoblin zombies (Ossuary)
  2 jackal zombies (Ossuary)
  8 kobolds
  14 kobold zombies (Ossuary)
  4 orc zombies (Ossuary)
  5 rats
  2 rat zombies (Ossuary)
190 creatures vanquished.

Vanquished Creatures (collateral kills)
  An ogre (D:4)
  A scorpion (D:4)
  6 wights
  An orc (D:4)
9 creatures vanquished.

Vanquished Creatures (others)
  3 wights
3 creatures vanquished.

Grand Total: 202 creatures vanquished

Notes
Turn   | Place    | Note
-------+----------+-------------------------------------------
     0 | D:1      | iguanaiguana the Gargoyle Venom Mage began the quest for
                  | the Orb.
     0 | D:1      | Reached XP level 1. HP: 10/10 MP: 3/3
   292 | D:1      | Reached XP level 2. HP: 14/15 MP: 1/5
   627 | D:1      | Reached skill level 4 in Poison Magic
   760 | D:1      | Reached XP level 3. HP: 19/19 MP: 4/6
  1716 | D:3      | Reached XP level 4. HP: 22/24 MP: 3/7
  1889 | D:3      | Reached skill level 5 in Poison Magic
  1990 | D:3      | Identified the +2 ring mail of the Uplifting Gods {Rampage
                  | Int+4 Dex+4}
  2038 | D:3      | Noticed an ogre
  2054 | D:3      | Learned a level 2 spell: Poisonous Vapours
  2058 | D:3      | Learned a level 3 spell: Mephitic Cloud
  2293 | D:3      | Noticed Grinder
  2493 | D:4      | Reached skill level 1 in Conjurations
  2602 | D:4      | Noticed a black bear
  2612 | D:4      | Killed a black bear
  2613 | D:4      | Reached skill level 1 in Air Magic
  2613 | D:4      | Reached XP level 5. HP: 22/28 MP: 1/8
  2914 | D:4      | Reached XP level 6. HP: 32/32 MP: 4/9
  3250 | D:4      | Noticed Natasha
  3259 | D:4      | Killed Natasha
  3555 | D:4      | Found Qazuqufy's Assorted Antiques.
  3556 | D:4      | Noticed Natasha
  3575 | D:4      | Killed Natasha
  3576 | D:4      | Reached skill level 6 in Poison Magic
  3576 | D:4      | Reached XP level 7. HP: 25/36 MP: 2/10
  3625 | D:4      | Noticed Natasha
  3631 | D:4      | Killed Natasha
  3816 | D:4      | Found a shimmering altar of Xom.
  3912 | D:5      | Entered Level 5 of the Dungeon
  4051 | D:5      | Reached skill level 7 in Poison Magic
  4214 | D:5      | Reached skill level 5 in Conjurations
  4384 | D:5      | Noticed Pikel
  4389 | D:5      | Found a sand-covered staircase.
  4406 | D:5      | Killed Pikel
  4407 | D:5      | Reached skill level 8 in Poison Magic
  4407 | D:5      | Reached XP level 8. HP: 45/45 MP: 11/11
  4444 | Ossuary  | Entered an ossuary
  4706 | Ossuary  | Reached skill level 1 in Maces & Flails
  5694 | D:5      | Found an ancient bone altar of Kikubaaqudgha.
  5700 | D:5      | Learned a level 4 spell: Olgreb's Toxic Radiance
  6101 | D:6      | Found a staircase to the Ecumenical Temple.
  6112 | Temple   | Entered the Ecumenical Temple
  6128 | Temple   | Became a worshipper of Vehumet
  6403 | D:6      | Reached XP level 9. HP: 53/53 MP: 5/12
  6535 | D:6      | Found Baisus's Antique Armour Emporium.
  6537 | D:6      | Reached skill level 5 in Fighting
  7333 | D:6      | Found an iron altar of Okawaru.
  7486 | D:4      | Bought a steaming dagger for 189 gold pieces
  7486 | D:4      | Identified the +10 dagger of the Teaching Bear {distort,
                  | rPois rC+++ Int-3} (You bought it in a shop on level 4 of
                  | the Dungeon)
  7634 | D:7      | Identified the +1 cloak of Ignis's Favour {rN+ rCorr Dex+2}
  7799 | D:7      | Reached skill level 1 in Evocations
  8792 | D:7      | Found Ohudin's Armour Shop.
  9028 | D:8      | Reached skill level 1 in Earth Magic
  9035 | D:7      | Reached * piety under Vehumet
  9035 | D:7      | Offered knowledge of Magic Dart by Vehumet.
  9036 | D:7      | Reached XP level 10. HP: 53/60 MP: 1/13
  9039 | D:7      | Reached skill level 5 in Earth Magic
  9638 | D:8      | Found a sacrificial altar of Ru.
 10031 | D:7      | Reached skill level 9 in Poison Magic
 10500 | D:8      | Noticed a deep elf pyromancer
 10507 | D:8      | HP: 3/60 [deep elf pyromancer/bolt of fire (23)]
 10507 | D:8      | Slain by a fire elemental

Illustrated notes

Levels and vault maps discovered:
D:1:      onia_arrival_mini_spirals, layout_rooms
D:2:      layout_basic
D:3:      layout_basic, kennysheep_generic_room_5, uniq_sigmund, uniq_grinder
D:4:      layout_gridville, serial_shops, nicolae_shop_waterfront,
          grunt_ministairs_2, minmay_ruined_shrine, uniq_natasha
D:5:      layout_loops_corners, lemuel_coloured_pillars_altar, enter_ossuary_2,
          uniq_pikel
D:6:      layout_loops_ring, okawaru_trees_2, minmay_temple_entry_sparse_star,
          serial_shops, nicolae_shop_window_shopping
D:7:      layout_basic, serial_shops, shop, hangedman_decor_growths
D:8:      layout_rooms, mainiacjoe_overflow_brackets, guppyfry_early_elven_hall
Temple:   compressed_dpeg_triangle_lava_temple

Skill      XL: |  1  2  3  4  5  6  7  8  9 10 |
---------------+-------------------------------+-----
Poison Magic   | 4 5 6 8 9 |  9.0
Conjurations   | 2 3 6 |  6.4
Air Magic      | 1 2 |  2.0
Fighting       | 2 4 6 |  6.0
Maces & Flails | 2 |  2.0
Dodging        | 2 4 |  4.0
Evocations     | 3 |  3.7
Earth Magic    | 4 6 |  6.0
Stealth        | |  2.1
Spellcasting   | |  2.0
Transmutations | |  0.7

Action                   |  1- 3 |  4- 6 |  7- 9 | 10-12 || total
-------------------------+-------+-------+-------+-------++-------
Melee: Unarmed           |    11 |       |    31 |       ||    42
       Dagger            |       |    18 |    52 |       ||    70
       Punch             |       |     2 |     4 |       ||     6
       Whip              |       |       |   179 |       ||   179
       Trident           |       |       |   123 |    63 ||   186
 Fire: Longbow           |    45 |    32 |     3 |       ||    80
 Cast: Sting             |    30 |    41 |     6 |       ||    77
       Poisonous Vapours |       |    28 |    62 |    14 ||   104
       Olgreb's Toxic Ra |       |       |     5 |     2 ||     7
       Mephitic Cloud    |       |       |     1 |     1 ||     2
Evoke: Wand              |       |       |    19 |     4 ||    23
  Use: Scroll            |     2 |     5 |     9 |     2 ||    18
       Potion            |     1 |     1 |     4 |     1 ||     7
 Stab: Sleeping          |       |       |     2 |       ||     2
Armor: Robe              |    20 |    11 |       |       ||    31
       Ring mail         |       |    12 |   163 |    32 ||   207
       Skin              |       |       |    57 |       ||    57
Dodge: Dodged            |    50 |    31 |   204 |    32 ||   317
